 Dungeon Crawl Stone Soup version 0.28.0-47-ge53b351184 (webtiles) character file.

Game seed: 1583154740510153443

39 CryoSword the Firebug (level 3, 0/24 HPs)
             Began as a Demonspawn Fire Elementalist on Apr 26, 2022.
             Slain by Jessica
             ... wielding a +0 club
              (3 damage)
             ... on level 2 of the Dungeon.
             The game lasted 00:02:27 (2005 turns).

CryoSword the Firebug (DsFE)                        Turns: 2005, Time: 00:02:27

Health: 0/24       AC:  4    Str: 10    XL:     3   Next: 28%
Magic:  2/6        EV: 11    Int: 16    God:
Gold:   61         SH:  4    Dex: 13    Spells: 3/6 levels left

rFire   . . .      SeeInvis .   m - +2 short sword (drain)
rCold   . . .      Faith    .   h - +0 buckler
rNeg    . . .      Spirit   .   a - +0 robe
rPois   .          Reflect  .   b - +2 hat
rElec   .          Harm     .   (no cloak)
rCorr   .          Rampage  .   (no gloves)
Will    .....                   (no boots)
Stlth   ++........              (no amulet)
HPRegen 0.08/turn               (no ring)
MPRegen 0.10/turn               (no ring)

@: about to teleport
A: hooves 1
a: no special abilities


You were on level 2 of the Dungeon.
You visited 1 branch of the dungeon, and saw 2 of its levels.

You collected 61 gold pieces.

Inventory:

Hand Weapons
 m - a +2 short sword of draining (weapon)
   (You took it off a kobold on level 2 of the Dungeon)
Missiles
 k - 2 poisoned darts
Armour
 a - a +0 robe (worn)
 b - a +2 hat (worn)
   (You found it on level 1 of the Dungeon)
 h - a +0 buckler (worn)
   (You found it on level 1 of the Dungeon)
Scrolls
 d - 2 scrolls of identify {unknown}
 f - 2 scrolls of teleportation {@r4}
 g - a scroll of vulnerability {unknown}
 l - a scroll of enchant weapon {unknown}
Potions
 e - a potion of mutation {unknown}
 i - a potion of brilliance {unknown}
 j - 2 potions of curing {unknown}


   Skills:
 - Level 1.7 Dodging
 - Level 1.7 Stealth
 * Level 1.3 Shields
 - Level 2.0 Spellcasting
 - Level 1.8 Conjurations
 + Level 3.3 Fire Magic


You had 3 spell levels left.
You knew the following spells:

 Your Spells              Type           Power      Damage    Failure   Level
a - Foxfire               Conj/Fire      36%        2x1d5     10%         1
b - Scorch                Fire           24%        2d6       11%         2

Your spell library contained the following spells:

 Spells                   Type           Power      Damage    Failure   Level
 Conjure Flame            Conj/Fire      9%         6-21      28%         3
 Inner Flame              Hex/Fire       6%         N/A       38%         3
 Call Canine Familiar     Summ           1%         N/A       63%         3
 Portal Projectile        Hex/Tloc       2%         N/A       63%         3
 Flame Wave               Conj/Fire      9%         2d5       67%         4
 Leda's Liquefaction      Hex/Erth       0%         N/A       95%         4


Dungeon Overview and Level Annotations

Branches:
Dungeon (2/15)

Altars:

Annotations:
D:2 Jessica, Terence


Innate Abilities, Weirdness & Mutations

You have large cloven feet.


Message History

The shining eye turns its gaze towards you.
Found 20 stones.
The great orb of eyes turns its gaze towards you.
The great orb of eyes turns its gaze towards you.
k - 2 poisoned darts You pick up a book of the Hunter and begin reading...
You add the spells Call Canine Familiar, Portal Projectile and Leda's Liquefaction to your library.
The great orb of eyes turns its gaze towards you.
The shining eye turns its gaze towards you.
The shining eye turns its gaze towards you.
Found a spear.
You see here 20 stones.
Found a stone staircase leading down.
Done exploring.
Done exploring.
Done exploring.
Done exploring.
There is a stone staircase leading down here.
There is a stone staircase leading up here.
You climb upwards.
There is a stone staircase leading down here.
There is an open door here.
There is an open door here.
There is a stone staircase leading down here.
You climb downwards.
There is a stone staircase leading up here.
Found a stone staircase leading down.
A bat comes into view.
You see here a scroll labelled ROIRIWNAKH.
A bat is nearby!
A bat is nearby!
You miscast Scorch.
You are very lightly contaminated with residual magic.
Nothing appears to happen.
You conjure some foxfire!
You miscast Foxfire.
Nothing appears to happen.
The foxfire hits the bat. x2
The bat hits you but does no damage. The bat barely misses you.
The bat hits you but does no damage. The bat barely misses you.
You barely miss the bat. Your kick misses the bat. You block the bat's attack.
You hit the bat.
You kill the bat!
Your Shields skill increases to level 1!
No target in view!
Your magical contamination has completely faded away.
l - a scroll labelled OLU SERUKOOWK
d - 2 scrolls labelled ROIRIWNAKH (gained 1)
Found a stone staircase leading up.
Found a stone staircase leading down.
f - 4 scrolls labelled ULASHA GESE (gained 3)
There is a stone staircase leading down here.
A rat comes into view.
A rat is nearby!
Flames lash the rat.
You kill the rat!
Found a ring mail.
You see here a +0 ring mail.
Found a whip.
A kobold comes into view.
It is wielding a +2 short sword of draining.
A kobold is nearby!
A kobold is nearby!
Flames lash the kobold.
The kobold's fire resistance burns away.
You hear a shout!
Flames lash the kobold.
The kobold is burned terribly!
You kill the kobold!
An adder comes into view.
You have reached level 3!
Your experience leads to an increase in your attributes!
Increase (S)trength, (I)ntelligence, or (D)exterity?
You feel stronger. x2
You see here a +0 ring mail.
You start resting.
An adder is nearby!
An adder is nearby!
An adder is nearby!
You conjure some foxfire!
Unknown command.
No target in view!
The adder hisses angrily.
Found a club.
The foxfire hits the adder. x2
Flames lash the adder.
You kill the adder!
j - 2 fizzy emerald potions (gained 1)
You now have 61 gold pieces (gained 4).
Things that are here:
a +2 short sword of draining; a kobold corpse
m - a +2 short sword of draining You sense an unholy aura.
m - a +2 short sword of draining (weapon)
You drop a +0 mace.
A hobgoblin comes into view.
A hobgoblin is nearby!
A hobgoblin is nearby!
You conjure some foxfire!
The hobgoblin shouts!
Nothing appears to happen.
The foxfire hits the hobgoblin. x2
You kill the hobgoblin!
A sourceless malevolence fills the Dungeon... and a teleportation trap spontaneously manifests!
You are yanked towards some nearby monsters!
Your surroundings suddenly seem different.
Jessica, Terence and a giant cockroach come into view.
Terence is wielding the +7 Throatcutter {drain, coup de grace} and wearing a +1 chain mail of fire resistance.
Found an escape hatch in the floor.
You aren't carrying any items that you can evoke.
Unknown command.
As you read the scroll labelled ULASHA GESE, it crumbles to dust.
You feel strangely unstable.
It was a scroll of teleportation.
Jessica points at you and mumbles some strange words.
Pain shoots through your body!
You miscast Foxfire.
You are very lightly contaminated with residual magic.
Nothing appears to happen.
Terence shouts!
Jessica shouts, "I don't like beings like you!"
Jessica casts a spell.
Jessica seems to speed up.
Unknown command.
You conjure some foxfire!
The foxfire hits Terence but does no damage.
Flames lash Jessica.
Jessica's fire resistance burns away.
The foxfire hits Terence.
Terence resists.
You conjure some foxfire!
Your surroundings seem slightly different.
Terence asks, "Do you want it fast or slow?"
The foxfire hits Terence but does no damage.
The foxfire hits Terence but does no damage.
Jessica casts a spell.
Jessica blinks!
Jessica is no longer more vulnerable to fire.
Jessica hits you with a +0 club.
Terence drinks a potion.
Terence suddenly seems more resistant.
Jessica gestures wildly while chanting.
Jessica blinks!
Your magical contamination has completely faded away.
You block Jessica's attack. Jessica gestures at you while chanting.
Pain shoots through your body!
Ouch! That really hurt!
* * * LOW HITPOINT WARNING * * *
Jessica closely misses you.
An adder comes into view.
The adder hisses angrily.
As you read the scroll of teleportation {@r4}, it crumbles to dust.
You feel strangely unstable. Jessica hits you with a +0 club.
You die...

............#
...........#
...........########
........B.........#
..................#
########
##########........#
.......#
..................##
..>....#
........@B............
.......#
..S....@..............
.......#
...........!..........
.......#
......................
.......#
......................
.......#
#####'######..........
.......#
#.######..........
...<...#
#.......)..)......
.......#
###########..........
##.#####
#...........#.#######


You could see an adder, Jessica (fast) and a giant cockroach.

Vanquished Creatures
  A gnoll (D:1)
  An adder (D:2)
  2 endoplasms (D:1)
  3 hobgoblins
  2 kobolds
  A quokka (D:1)
  2 bats
  3 frilled lizards (D:1)
  8 rats
23 creatures vanquished.

Vanquished Creatures (others)
  46 foxfires
46 creatures vanquished.

Grand Total: 69 creatures vanquished

Notes
Turn   | Place    | Note
-------+----------+-------------------------------------------
     0 | D:1      | CryoSword the Demonspawn Fire Elementalist began the quest
                  | for the Orb.
     0 | D:1      | Reached XP level 1. HP: 13/13 MP: 3/3
   636 | D:1      | Reached skill level 3 in Fire Magic
   636 | D:1      | Discovered your monstrous ancestry.
   636 | D:1      | Gained mutation: You have large cloven feet. [demonic
                  | ancestry]
   636 | D:1      | Reached XP level 2. HP: 19/19 MP: 1/5
  1109 | D:1      | Learned a level 2 spell: Scorch
  1566 | D:2      | Found a faded altar of an unknown god.
  1567 | D:2      | Noticed a shining eye
  1569 | D:2      | Noticed a great orb of eyes
  1569 | D:2      | Noticed a shining eye
  1569 | D:2      | Noticed a great orb of eyes
  1723 | D:2      | Reached skill level 1 in Shields
  1852 | D:2      | Reached XP level 3. HP: 24/24 MP: 1/6
  1990 | D:2      | Noticed Jessica
  1990 | D:2      | Noticed Terence
  2005 | D:2      | Slain by Jessica

Illustrated notes

Levels and vault maps discovered:
D:1:      kennysheep_arrival_forest, layout_loops_corners, roderic_lattice_a,
          minmay_circled_x
D:2:      layout_basic, basic_altar, hellmonk_ecumenical_altar_watching_god,
          uniq_jessica, uniq_terence

Skill      XL: |  1  2 |
---------------+-------+-----
Fire Magic     | 3 |  3.3
Shields        | 1 |  1.3
Dodging        | |  1.7
Stealth        | |  1.7
Spellcasting   | |  2.0
Conjurations   | |  1.8

Action                   || total
-------------------------++-------
Melee: Unarmed           ||     3
       Mace              ||    13
       Kick              ||     2
 Cast: Foxfire           ||    29
       Scorch            ||     8
  Use: Scroll            ||     2
 Stab: Sleeping          ||     2
Armor: Robe              ||     2
Dodge: Dodged            ||    13
Block: Buckler           ||     4
